 Dungeon Crawl Stone Soup version 0.31.0-11-ge490571c62 (webtiles) character file.

Game seed: 3723643886062811499

45822 shadizar the Fighter (level 14, -14/110 HPs)
             Began as a Djinni Conjurer on Jan 26, 2024.
             Was a High Priest of Makhleb.
             Hit by a javelin thrown by a minotaur (26 damage)
             ... in a Gauntlet.
             The game lasted 00:40:36 (14651 turns).

shadizar the Fighter (Djinni Conjurer)             Turns: 14651, Time: 00:40:36

Health: -14/110    AC: 19    Str:  6    XL:     14   Next: 73%
Gold:   1296       EV: 14    Int: 25    God:    Makhleb [*****.] SH:  5 Dex: 15

rFire   + + .        d - staff of air
rCold   x . .        c - +0 buckler
rNeg    . . .        E - +3 scale mail
rPois   ∞            v - +1 helmet "Mounk" {^Contam rElec Will++ Slay+2}
rElec   +            (no cloak)
rCorr   .            s - +0 pair of gloves {Dex+3}
SInv    .            (boots unavailable)
Will    +++..        C - amulet of regeneration
Stlth   +            e - +4 ring of protection
HPRegen 1.18/turn    q - +5 ring of evasion
MPRegen 0.00/turn

%: no teleportation, infuse magic (-15 HP)
@: flying, very slightly contaminated
A: sickness immunity, fire resistance 2, cold vulnerability 1, float, innate
caster, HP casting, extra vitality 1
a: Renounce Religion, Minor Destruction, Lesser Servant of Makhleb, Major
Destruction, Greater Servant of Makhleb


You were in a Gauntlet.
You worshipped Makhleb.
Makhleb was extremely pleased with you.
You visited 3 branches of the dungeon, and saw 15 of its levels.
You also visited: Bailey and Gauntlet.

You collected 1296 gold pieces.

Inventory:

Hand Weapons
 B - a +7 sling
Armour
 c - a +0 buckler (worn)
 j - a +1 scale mail of cold resistance
 n - +0 fire dragon scales
 r - a +0 kite shield
 s - a +0 pair of gloves of dexterity (worn)
 v - the +1 helmet "Mounk" (worn) {^Contam rElec Will++ Slay+2}
   (You found it on level 11 of the Dungeon)

   Slay+2:    It affects your accuracy & damage with ranged weapons and melee
   (+2).
   rElec:     It insulates you from electricity.
   Will++:    It greatly increases your willpower.
   ^Contam:   It causes magical contamination when unequipped.
 E - a +3 scale mail (worn)
Magical Staves
 d - a staff of air (weapon)
Jewellery
 a - an amulet of faith
 e - a +4 ring of protection (left hand)
 f - the amulet of Cain {Spirit rF+ rC+ rCorr}
   (You found it on level 10 of the Dungeon)

   [amulet of guardian spirit]

   Spirit:    It causes incoming damage to be divided between your reserves of
   health and magic.
   rF+:       It protects you from fire.
   rC+:       It protects you from cold.
   rCorr:     It protects you from acid and corrosion.
 g - a ring of protection from fire
 q - a +5 ring of evasion (right hand)
 C - an amulet of regeneration (around neck)
 F - a ring of positive energy
 I - the amulet "Qutugg" {RegenMP Fly rC+ Dex-4 Slay+2}
   (You found it in a Gauntlet)

   [amulet of magic regeneration]

   RegenMP:   It increases your rate of magic regeneration.
   Dex-4:     It affects your dexterity (-4).
   Slay+2:    It affects your accuracy & damage with ranged weapons and melee
   (+2).
   rC+:       It protects you from cold.
   Fly:       It grants you flight.
Wands
 i - a wand of paralysis (28)
 o - a wand of flame (14)
 p - a wand of iceblast (28)
Scrolls
 b - 7 scrolls of fog
 h - a scroll of teleportation
 m - a scroll of enchant armour
 x - 3 scrolls of fear
 y - 2 scrolls of butterflies
 z - a scroll of silence
 G - a scroll of identify
Potions
 k - 3 potions of attraction
 l - a potion of brilliance {unknown}
 t - 2 potions of might
 u - 2 potions of berserk rage
 w - a potion of resistance
 A - a potion of enlightenment
 D - 2 potions of haste
 H - a potion of curing


   Skills:
 + Level 13.2 Fighting
 + Level 10.7 Armour
 + Level 11.3 Dodging
 - Level 1.5 Stealth
 + Level 4.8 Shields
 * Level 11.9 Spellcasting
 * Level 11.9 Conjurations
 * Level 11.9 Hexes
   Level 0.0 Charms
 * Level 11.9 Summonings
 * Level 11.9 Necromancy
 * Level 11.9 Translocations
   Level 0.0 Transmutations
 * Level 11.9 Fire Magic
 * Level 11.9 Ice Magic
 * Level 11.9 Air Magic
 * Level 11.9 Earth Magic
 * Level 11.9 Alchemy


You knew the following spells:

 Your Spells              Type           Power      Damage    Failure   Level
a - Magic Dart            Conj           100%       1d8       1%          1
b - Searing Ray           Conj           100%       2d8       1%          2
c - Fulminant Prism       Conj/Alch      32%        3d16      4%          4
d - Iskenderun's Mystic   Conj/Tloc      65%        2d13      4%          4
e - Apportation           Tloc           100%       N/A       1%          1
f - Momentum Strike       Conj/Tloc      100%       3d10      1%          2
g - Static Discharge      Conj/Air       100%       3-8/arc   1%          2
h - Passwall              Erth           65%        N/A       1%          3
i - Martyr's Knell        Necr/Summ      65%        N/A       4%          4
j - Iskenderun's Battles  Conj           65%        2d11      12%         5
Your spell library was empty.

Dungeon Overview and Level Annotations

Branches:
Dungeon (11/15)            Temple (1/1) D:5            Lair (3/5) D:11
  Swamp (0/4) Lair:2       Bailey (visited)         Gauntlet (1/1)
  Snake: Lair:2-3    Spider: Lair:2-3       Orc: D:9-12

Altars:
Ashenzari
Cheibriados
Dithmenos
Elyvilon
Fedhas
Gozag
Hepliaklqana
Makhleb
Nemelex Xobeh
Okawaru
Qazlal
Ru
Trog
Uskayaw
Wu Jian
Xom
Yredelemnul
Zin
The Shining One

Annotations:
D:4 2 transporters
D:7 1 runed translucent door, Crazy Yiuf
D:10 3 runed translucent doors, puimuR's ghost, novice VSNe
Temple 2 transporters Gauntlet 10 transporters


Innate Abilities, Weirdness & Mutations

You are immune to sickness and miasma.
You are immune to poison.
Your flesh is very heat resistant. (rF++)
You are vulnerable to cold. (rC-)
You float through the air rather than walking.
You learn spells naturally, not from books.
Your magical power is your life essence.
You have superior vitality. (+4 MHP)


Message History

Unknown command.
Unknown command.
Unknown command.
Unknown command.
Casting: Iskenderun's Mystic Blast (dangerous; 4% risk of failure)
Confirm with . or Enter, or press ? or * to list all spells.
You miscast Iskenderun's Mystic Blast.
You are very lightly contaminated with residual magic.
Nothing appears to happen.
The minotaur hits you with a +3 battleaxe of venom!!
* * * LOW HITPOINT WARNING * * *
The minotaur gores you but does no damage.
Your fulminant prism explodes!
The blast of energy engulfs the minotaur!
The minotaur is severely wounded.
Unknown command.
Unknown command.
Unknown command.
Casting: Iskenderun's Mystic Blast (dangerous; 4% risk of failure)
Confirm with . or Enter, or press ? or * to list all spells.
You erupt in a blast of force!
The mystic blast hits the minotaur but does no damage.
The minotaur is severely wounded.
* * * LOW HITPOINT WARNING * * *
The minotaur hits you with a +3 battleaxe of venom.
* * * LOW HITPOINT WARNING * * *
The minotaur gores you but does no damage.
Unknown command.
Unknown command.
Unknown command.
Casting: Iskenderun's Mystic Blast (dangerous; 4% risk of failure)
Confirm with . or Enter, or press ? or * to list all spells.
You erupt in a blast of force!
The mystic blast hits the minotaur.
The minotaur is severely wounded.
The minotaur is knocked back by the mystic blast.
The minotaur slams into the crystal wall!
The minotaur is severely wounded.
* * * LOW HITPOINT WARNING * * *
The minotaur throws a javelin.
The javelin pierces through you!!
You die...

##.##.# #.....### #.##.##∩#
##.##.##.# #......#.#
#.##.###.# #.##.###H#.##.#
#..............
###.##@##.##.## ###.##.##.#
#............ .
##.##.##.##.##.#
###.##.##.##.##.##
#≈...............≈ ###
#8§8.8.8.8.8.8.8.8 ### #8#
#≈...............≈ #8#
##########.#########.#########


You could see a minotaur.

Vanquished Creatures
  A rakshasa (D:10)
  An ogre mage (D:10)
  3 boulder beetles
  5 centaur warriors
  A two-headed ogre (D:10)
  2 death yaks (D:11)
  A death scarab (Gauntlet)
  Sonja (Lair:1)
  2 hell knights (D:11)
  2 glowing orange brains (Gauntlet)
  3 orc knights
  A deep elf pyromancer (D:11)
  3 ugly things
  2 cyclopes (D:10)
  3 black mambas
  Joseph (D:7)
  2 gargoyles (D:11)
  A torpor snail (Lair:2)
  9 cane toads
  2 efreet (D:10)
  3 kobold demonologists (D:10)
  3 komodo dragons (Lair:2)
  A troll (D:11)
  4 polar bears
  Prince Ribbit (D:6)
  4 blink frogs (Lair:2)
  A blink frog (shapeshifter) (D:10)
  3 dream sheep (Lair:2)
  A spectral black mamba (Gauntlet)
  2 vampires (D:11)
  4 wyverns
  A wraith (D:10)
  A shadow (D:11)
  47 yaks
  6 fire bats (D:11)
  A basilisk (Lair:2)
  4 vampire mosquitoes (D:8)
  3 swamp worms (Gauntlet)
  6 water moccasins
  A sky beast (D:6)
  3 ice beasts
  14 orc warriors
  2 black bears
  An ogre (D:5)
  10 centaurs
  6 kobold brigands
  11 gnoll sergeants (D:11)
  9 bullfrogs
  5 scorpions
  12 wights
  13 killer bees
  2 electric eels (Lair:2)
  3 howler monkeys
  A bombardier beetle (D:6)
  A lava snake (D:9)
  A jelly (D:5)
  6 orc priests
  2 hounds
  4 iguanas
  A gnoll bouda (D:10)
  2 sleepcaps
  Jessica (D:3)
  6 hell rats
  Ijyb (D:3)
  5 orc wizards
  9 gnolls
  A river rat (D:11)
  10 adders
  A shadow imp (D:3)
  3 dart slugs
  3 ribbon worms
  34 orcs
  5 bats
  5 endoplasms
  3 giant cockroaches
  6 goblins
  8 hobgoblins
  4 jackals (D:4)
  31 kobolds
  4 quokkas
  5 ball pythons
  2 frilled lizards (D:1)
  8 rats
  A fulminant prism (D:6)
408 creatures vanquished.

Vanquished Creatures (others)
  101 fulminant prisms
101 creatures vanquished.

Grand Total: 509 creatures vanquished

Notes
Turn   | Place    | Note
-------+----------+-------------------------------------------
     0 | D:1      | shadizar the Djinni Conjurer began the quest for the Orb.
     0 | D:1      | shadizar set off with the following spells memorised: Magic
                  | Dart, Searing Ray, Fulminant Prism, Iskenderun's Mystic
                  | Blast.
     0 | D:1      | Reached XP level 1. HP: 15/15 MP: 0/0
   114 | D:1      | Reached XP level 2. HP: 17/22 MP: 0/0
   146 | D:1      | Reached skill level 1 in Fighting
   918 | D:2      | Reached XP level 3. HP: 26/28 MP: 0/0
   918 | D:2      | Learned a level 1 spell: Apportation
  1018 | D:2      | Found a snail-covered altar of Cheibriados.
  1038 | D:2      | Reached skill level 2 in Fighting
  1094 | D:2      | Reached XP level 4. HP: 23/33 MP: 0/0
  1515 | D:2      | Found a faded altar of an unknown god.
  1624 | D:2      | Reached XP level 5. HP: 20/40 MP: 0/0
  1624 | D:2      | Learned a level 2 spell: Momentum Strike
  1710 | D:3      | Reached skill level 3 in Fighting
  1775 | D:3      | Noticed Ijyb
  1789 | D:3      | Killed Ijyb
  2005 | D:3      | Noticed Jessica
  2045 | D:3      | Reached XP level 6. HP: 44/46 MP: 0/0
  2192 | D:3      | You are sucked into a shaft and drop 1 floor!
  2306 | D:4      | Reached skill level 4 in Fighting
  2353 | D:4      | Found a transporter.
  2362 | D:4      | Noticed a kobold demonologist
  2395 | D:4      | Found a transporter.
  2472 | D:3      | Killed Jessica
  2573 | D:3      | Reached skill level 5 in Spellcasting
  2573 | D:3      | Reached skill level 5 in Conjurations
  2573 | D:3      | Reached skill level 5 in Hexes
  2573 | D:3      | Reached skill level 5 in Summonings
  2573 | D:3      | Reached skill level 5 in Necromancy
  2573 | D:3      | Reached skill level 5 in Translocations
  2573 | D:3      | Reached skill level 5 in Fire Magic
  2573 | D:3      | Reached skill level 5 in Ice Magic
  2573 | D:3      | Reached skill level 5 in Air Magic
  2573 | D:3      | Reached skill level 5 in Earth Magic
  2573 | D:3      | Reached skill level 5 in Alchemy
  2959 | D:4      | Found a sacrificial altar of Ru.
  3045 | D:4      | Reached XP level 7. HP: 48/53 MP: 0/0
  3045 | D:4      | Learned a level 2 spell: Static Discharge
  3183 | D:4      | Reached skill level 5 in Fighting
  3575 | D:5      | Entered Level 5 of the Dungeon
  3690 | D:5      | Reached XP level 8. HP: 28/61 MP: 0/0
  3863 | D:5      | Found the +18 Lear's hauberk
  3923 | D:5      | Reached skill level 6 in Fighting
  4266 | D:5      | Found a hazy altar of Hepliaklqana.
  4408 | D:5      | Found a staircase to the Ecumenical Temple.
  4420 | Temple   | Found a transporter.
  4420 | Temple   | Found a transporter.
  4420 | Temple   | Found a transporter.
  4420 | Temple   | Found a transporter.
  4420 | Temple   | Entered the Ecumenical Temple
  4436 | Temple   | Became a worshipper of Makhleb the Destroyer
  4893 | D:6      | Noticed Prince Ribbit
  4899 | D:6      | Killed Prince Ribbit
  4900 | D:6      | Reached skill level 7 in Fighting
  4947 | D:6      | Reached XP level 9. HP: 60/68 MP: 0/0
  4947 | D:6      | Learned a level 3 spell: Passwall
  6033 | D:7      | Reached skill level 5 in Dodging
  6158 | D:7      | Noticed Joseph
  6173 | D:7      | Killed Joseph
  6173 | D:7      | Reached * piety under Makhleb
  6174 | D:7      | Reached skill level 8 in Fighting
  6653 | D:7      | Found a runed translucent door.
  6654 | D:7      | Noticed Crazy Yiuf
  6972 | D:8      | Found a flagged portal.
  7011 | Bailey   | Entered a bailey
  7071 | Bailey   | Reached XP level 10. HP: 40/77 MP: 0/0
  7251 | Bailey   | Noticed an orc knight
  7283 | Bailey   | Killed an orc knight
  7284 | Bailey   | Reached skill level 9 in Fighting
  7307 | Bailey   | Noticed an orc knight
  7323 | Bailey   | Killed an orc knight
  7632 | Bailey   | Reached skill level 10 in Fighting
  7632 | Bailey   | Reached XP level 11. HP: 86/86 MP: 0/0
  7632 | Bailey   | Learned a level 4 spell: Martyr's Knell
  7901 | D:8      | Reached ** piety under Makhleb
  8001 | D:8      | Reached skill level 5 in Armour
  8268 | D:9      | Reached skill level 11 in Fighting
  8586 | D:9      | Reached XP level 12. HP: 76/94 MP: 0/0
  8641 | D:9      | Found a broken altar of Ashenzari.
  8642 | D:9      | Found an ornate altar of the Wu Jian Council.
  9132 | D:9      | Reached *** piety under Makhleb
  9198 | D:10     | Entered Level 10 of the Dungeon
  9198 | D:10     | Noticed a two-headed ogre
  9201 | D:10     | Killed a two-headed ogre
  9338 | D:10     | Identified the amulet of Cain {Spirit rF+ rC+ rCorr}
  9416 | D:10     | Found a runed translucent gate.
  9416 | D:10     | Found a runed translucent gate.
  9416 | D:10     | Found a runed translucent gate.
  9578 | D:10     | Noticed a rakshasa
  9583 | D:10     | Noticed a centaur warrior
  9591 | D:10     | Killed a centaur warrior
  9609 | D:10     | Noticed a centaur warrior
  9611 | D:10     | Killed a rakshasa
  9613 | D:10     | Killed a centaur warrior
  9618 | D:10     | Noticed an ogre mage
  9915 | D:10     | Killed an ogre mage
  9926 | D:10     | Reached skill level 12 in Fighting
  9926 | D:10     | Reached skill level 10 in Spellcasting
  9926 | D:10     | Reached skill level 10 in Conjurations
  9926 | D:10     | Reached skill level 10 in Hexes
  9926 | D:10     | Reached skill level 10 in Summonings
  9926 | D:10     | Reached skill level 10 in Necromancy
  9926 | D:10     | Reached skill level 10 in Translocations
  9926 | D:10     | Reached skill level 10 in Fire Magic
  9926 | D:10     | Reached skill level 10 in Ice Magic
  9926 | D:10     | Reached skill level 10 in Air Magic
  9926 | D:10     | Reached skill level 10 in Earth Magic
  9926 | D:10     | Reached skill level 10 in Alchemy
  9970 | D:10     | Reached **** piety under Makhleb
  9971 | D:10     | Reached XP level 13. HP: 100/101 MP: 0/0
  9971 | D:10     | Learned a level 5 spell: Iskenderun's Battlesphere
 10173 | D:10     | Noticed puimuR's ghost (novice VSNe)
 10546 | D:11     | Reached skill level 10 in Dodging
 10663 | D:11     | Found a staircase to the Lair.
 11137 | D:11     | Reached skill level 1 in Shields
 11284 | D:11     | Reached ***** piety under Makhleb
 11363 | D:11     | Noticed a centaur warrior
 11371 | D:11     | Killed a centaur warrior
 11452 | D:11     | Noticed a centaur warrior
 11453 | D:11     | Noticed a centaur warrior
 11476 | D:11     | Killed a centaur warrior
 11494 | D:11     | Killed a centaur warrior
 11601 | D:11     | Identified the +3 dagger of Twilight {heavy, rC- rCorr
                  | Int+4 Dex+4}
 11602 | D:11     | Found a faded altar of an unknown god.
 11665 | D:11     | Identified the +1 helmet "Mounk" {^Contam rElec Will++
                  | Slay+2}
 11842 | Lair:1   | Entered Level 1 of the Lair of Beasts
 11959 | Lair:1   | Reached skill level 10 in Armour
 11978 | Lair:1   | Reached XP level 14. HP: 108/108 MP: 0/0
 12421 | Lair:1   | Noticed Sonja
 12425 | Lair:1   | Killed Sonja
 12850 | Lair:2   | Reached skill level 13 in Fighting
 12977 | Lair:2   | Found a staircase to the Swamp.
 13769 | Lair:3   | Found a gate leading to a gauntlet.
 13784 | Gauntlet | Entered a Gauntlet
 13784 | Gauntlet | Found a transporter.
 13784 | Gauntlet | Found a transporter.
 13789 | Gauntlet | Found a transporter.
 13789 | Gauntlet | Found a transporter.
 13799 | Gauntlet | Found a transporter.
 13809 | Gauntlet | Found a transporter.
 13809 | Gauntlet | Found a transporter.
 13809 | Gauntlet | Noticed a quicksilver ooze
 13837 | Gauntlet | Found a transporter.
 13840 | Gauntlet | Found a transporter.
 13852 | Gauntlet | Found a transporter.
 13874 | Gauntlet | Found a transporter.
 13886 | Gauntlet | Found a transporter.
 13931 | Gauntlet | Found a transporter.
 13947 | Gauntlet | Found a transporter.
 14046 | Gauntlet | Found a transporter.
 14060 | Gauntlet | Found a transporter.
 14578 | Gauntlet | Identified the amulet "Qutugg" {RegenMP Fly rC+ Dex-4
                  | Slay+2}
 14641 | Gauntlet | Noticed a minotaur
 14651 | Gauntlet | Hit by a javelin thrown by a minotaur

Illustrated notes

Levels and vault maps discovered:
D:1:      dpeg_arrival_simpleton_a, layout_basic, minmay_misc_feat_room
D:2:      cheibrodos_old_hovel, layout_rooms, basic_altar,
          dreamdust_ecumenical_altar_sealed_demon
D:3:      layout_loops_ring, hangedman_decor_push, uniq_jessica, uniq_ijyb
D:4:      gammafunk_wand_slinger, layout_loops_ring, lemuel_tele_altar,
          lemuel_crystal_altar, grunt_ministairs_11,
          amcnicky_mini_corridor_feature
D:5:      layout_layer_cave, amcnicky_altar_gilded, minmay_temple_entry_arrows
D:6:      layout_loops_cross, kennysheep_nondescript, hangedman_decor_slide_cut,
          uniq_prince_ribbit1
D:7:      layout_basic, uniq_crazy_yiuf_cottage, uniq_joseph
D:8:      layout_loops_ring, enter_bailey_5
D:9:      layout_basic, nicolae_overflow_two_pavilions, serial_co_window_serial,
          co_window_of_opportunity_a, co_window_paths_b, co_window_paths_b,
          co_window_paths_a, co_window_corner_a, co_window_paths_a,
          co_window_of_opportunity_b, co_window_corner_cb, co_window_2corner,
          glass_columns_b, glass_columns_c, glass_columns_a, glass_columns_c,
          glass_columns_a
D:10:     layout_irregular_city, gammafunk_ghost_spectres,
          roderic_roman_lattice, minivault_28
D:11:     regret_index_infernal_bastille, layout_basic, dpeg_lair_monsters
Temple:   hellmonk_temple_divided_pantheon
Lair:1:   layout_gridlike, lemuel_fruit_fields, uniq_sonja
Lair:2:   layout_regular_city, swamp_mist_pool, guppyfry_lair_drakes,
          grunt_megastairs_4, serial_bayou_shore_b
Lair:3:   layout_loops_ring, guppyfry_snake_entry_island, gauntlet_entry_generic
Gauntlet: gammafunk_gauntlet_branching [nicolae_gauntlet_arena_t_cross,
          gammafunk_gauntlet_arena_arrow_garden,
          nicolae_gauntlet_arena_flowing_pool, gammafunk_gauntlet_arena_mazey,
          gammafunk_gauntlet_arena_spirals, gammafunk_gauntlet_arena_crates,
          nicolae_gauntlet_arena_x, gammafunk_gauntlet_arena_grid,
          gauntlet_exit_green]

Skill      XL: |  1  2  3  4  5  6  7  8  9 10 11 12 13 14 |
---------------+-------------------------------------------+-----
Fighting       | 1 2 3 4 5 7 8 10 11 12 13 | 13.2
Spellcasting   | 4 5 6 7 9 10 11 | 11.9
Conjurations   | 4 5 6 7 9 10 11 | 11.9
Hexes          | 4 5 6 7 9 10 11 | 11.9
Summonings     | 4 5 6 7 9 10 11 | 11.9
Necromancy     | 4 5 6 7 9 10 11 | 11.9
Translocations | 4 5 6 7 9 10 11 | 11.9
Fire Magic     | 4 5 6 7 9 10 11 | 11.9
Ice Magic      | 4 5 6 7 9 10 11 | 11.9
Air Magic      | 4 5 6 7 9 10 11 | 11.9
Earth Magic    | 4 5 6 7 9 10 11 | 11.9
Alchemy        | 4 5 6 7 9 10 11 | 11.9
Dodging        | 3 6 9 10 11 | 11.3
Armour         | 4 5 9 10 | 10.7
Shields        | 3 4 |  4.8
Stealth        | |  1.5

Action                     |  1- 3 |  4- 6 |  7- 9 | 10-12 | 13-15 || total
---------------------------+-------+-------+-------+-------+-------++-------
   Fire: Sling             |       |       |       |       |    72 ||    72
   Cast: Magic Dart        |    52 |   105 |   203 |   228 |   184 ||   772
         Searing Ray       |     1 |     9 |    22 |    20 |    31 ||    83
         Iskenderun's Myst |       |     6 |     8 |    71 |   194 ||   279
         Fulminant Prism   |       |       |    11 |    38 |    53 ||   102
         Static Discharge  |       |       |       |       |     6 ||     6
    Use: Potion            |       |     1 |       |     7 |     8 ||    16
         Scroll            |       |       |       |    21 |     7 ||    28
 Armour: Robe              |     9 |    19 |    33 |    18 |       ||    79
         Scale mail        |       |       |       |    85 |   235 ||   320
  Dodge: Dodged            |     7 |    20 |    71 |   131 |   186 ||   415
  Block: Buckler           |       |       |       |       |    42 ||    42
